 Dungeon Crawl Stone Soup version 0.15-a0-183-gc0cdb55 (webtiles) character file.

2388 PolkaDot the Jinx (level 9, -2/57 HPs)
             Began as a Vampire Enchanter on Apr 20, 2014.
             Was an Initiate of Ashenzari.
             Killed from afar by a gargoyle (18 damage)
             ... with a stone arrow
             ... on Level 5 of the Dungeon.
             The game lasted 00:26:19 (5900 turns).

PolkaDot the Jinx (Vampire Enchanter)               Turns: 5900, Time: 00:26:20

HP  -2/57        AC  5     Str  7      XL: 9   Next:  8%
MP   4/14        EV 13     Int 17      God: Ashenzari [......]
Gold 267         SH  0     Dex 17      Spells:  4 memorised,  2 levels left

rFire  x . .     SeeInvis +     a - +1,+2 dagger
rCold  + + +     Clarity  .     b - +1 robe (curse)
rNeg   + + +     Conserve .     (no shield)
rPois  +         rCorr    .     (no helmet)
rElec  .         rRot     +     y - +1 cloak (curse)
SustAb . .       Spirit   .     (no gloves)
rMut   .         Warding  .     (no boots)
Saprov . . .     Stasis   .     (no amulet)
MR     .....                    n - cursed ring of protection from cold {unknown}
                                p - cursed ring of ice

@: regenerating slowly, about to teleport, not resistant to hostile
enchantments, extremely stealthy
A: bottle blood, fangs 3, see invisible, unbreathing
a: Bat Form, Bottle Blood, Renounce Religion


You were on level 5 of the Dungeon.
You worshipped Ashenzari.
Ashenzari was noncommittal.
You were near bloodless.

You visited 2 branches of the dungeon, and saw 6 of its levels.

You collected 267 gold pieces.

Inventory:

Hand weapons
 a - a +1,+2 dagger (weapon)
Missiles
 d - 12 darts (quivered)
Armour
 b - a cursed +1 robe (worn)
 y - a cursed +1 cloak (worn)
Magical devices
 s - a wand of frost (9)
Scrolls
 g - a scroll of teleportation
 l - a scroll of fear
 m - a scroll of enchant weapon II
 o - a scroll of amnesia
 q - a scroll of blinking {unknown}
 r - a scroll of fog {unknown}
 z - a scroll of random uselessness {unknown}
 A - a scroll of enchant armour {unknown}
 B - a scroll of immolation {unknown}
Jewellery
 f - an uncursed ring of protection from magic {unknown}
 h - an uncursed ring of flight
 n - a cursed ring of protection from cold (right hand) {unknown}
 p - a cursed ring of ice (left hand)
Potions
 e - a potion of invisibility
 i - 3 potions of lignification
 j - 4 potions of heal wounds
 k - 2 potions of cure mutation {!q}
 t - a potion of resistance
 u - a potion of magic {unknown}
 v - 2 potions of restore abilities {unknown}
 w - 5 potions of curing
 x - a potion of haste
Books
 c - a book of Maledictions

   Spells                             Type                      Level
   *Corona                            Hexes                        1
   Sure Blade                         Hexes/Charms                 2
   *Ensorcelled Hibernation           Hexes/Ice                    2
   *Confuse                           Hexes                        3
   Dazzling Spray                     Conjuration/Hexes            3
   *Enslavement                       Hexes                        4


   Skills:
 + Level 6.8 Short Blades
 - Level 0.7 Throwing
 - Level 2.1 Dodging
 + Level 8.6 Stealth
 - Level 2.0 Spellcasting
 * Level 12.1 Hexes
 - Level 3.0 Ice Magic


You had 2 spell levels left.
You knew the following spells:

 Your Spells              Type           Power        Failure   Level  Hunger
a - Corona                Hex            #####..      1%          1    #......
c - Confuse               Hex            #####...     1%          3    ####...
d - Ensorcelled Hibernat  Hex/Ice        #####.       1%          2    ###....
e - Enslavement           Hex            #####...     1%          4    #####..


Dungeon Overview and Level Annotations

Branches:
Dungeon (5/15)             Temple (1/1) D:4

Altars:
Ashenzari
Dithmenos
Elyvilon
Nemelex Xobeh
Okawaru
Sif Muna
Vehumet
Xom
Yredelemnul
Zin
The Shining One


Innate Abilities, Weirdness & Mutations

You heal slowly.
You can bottle blood from corpses.
You have razor-sharp teeth.*
You have supernaturally acute eyesight.
You can survive without breathing.*


Message History

Confirm with . or Enter, or press ? or * to list all spells.
Aiming: Enslavement
Press: ? - help, Shift-Dir - straight line, f/p - gargoyle
Aim: a gargoyle, wielding a morningstar The gargoyle resists.
* * * LOW MAGIC WARNING * * *
The gargoyle hurls a stone arrow at you.
The stone arrow hits you!
The gargoyle hurls a stone arrow at you.
The stone arrow hits you!
Your magical contamination has completely faded away.
The gargoyle hurls a stone arrow at you.
The stone arrow hits you!
* * * LOW HITPOINT WARNING * * *
Read which item? (? for menu, Esc to quit)
As you read the scroll of teleportation, it crumbles to dust.
You feel strangely unstable.
The gargoyle hurls a stone arrow at you.
The stone arrow hits you!
You die...

#...........###
#.............#
#..........##.#
####.........####
##...............#
#................#
#................#
###.............#############
#..........@................
#.............##############
##.....9.......... ...<.
####................ ....
##.##................# ....
#.....).....PP..PPPP. ####
###...........♣♣♣♣###PP
#...............
#.##............


You could see a gargoyle.

Vanquished Creatures
  An unseen horror (D:5)
  An ice beast (D:5)
  9 ogres
  2 big kobolds (D:4)
  2 crimson imps (D:5)
  A hound (D:5)
  A quasit (D:4)
  4 worker ants
  A jelly (D:5)
  An orc wizard (D:5)
  A big fish (D:3)
  Natasha (twice) (D:3)
  Ijyb (D:2)
  12 gnolls
  3 adders
  2 worms (D:5)
  A giant mite (D:2)
  An iguana zombie (D:5)
  An adder skeleton (D:4)
  2 giant geckos
  An ooze (D:2)
  12 orcs
  12 bats
  5 giant cockroaches
  45 goblins
  26 hobgoblins
  A quokka (D:4)
  3 ball pythons (D:1)
  3 giant newts
  3 jackals (D:4)
  16 kobolds
  13 rats
189 creatures vanquished.

Vanquished Creatures (others)
  A hound (D:4)
  A plant (D:2)
2 creatures vanquished.

Grand Total: 191 creatures vanquished

Notes
Turn   | Place    | Note
--------------------------------------------------------------
     0 | D:1      | PolkaDot, the Vampire Enchanter, began the quest for the Orb.
     0 | D:1      | Reached XP level 1. HP: 13/13 MP: 3/3
     6 | D:1      | Noticed a polar bear
     6 | D:1      | Noticed a redback
     6 | D:1      | Noticed a lindwurm
     6 | D:1      | Noticed a wyvern
     6 | D:1      | Noticed a black mamba
   216 | D:1      | Reached XP level 2. HP: 17/19 MP: 4/4
   220 | D:1      | Learned a level 2 spell: Ensorcelled Hibernation
   441 | D:1      | Reached skill level 5 in Hexes
   779 | D:2      | Found a radiant altar of Vehumet.
   913 | D:2      | Reached XP level 3. HP: 20/24 MP: 4/6
  1034 | D:2      | Noticed Ijyb
  1067 | D:2      | Killed Ijyb
  1067 | D:2      | Reached skill level 1 in Ice Magic
  1746 | D:2      | Found a glowing golden altar of the Shining One.
  2029 | D:2      | Reached XP level 4. HP: 27/30 MP: 4/7
  2460 | D:3      | Reached XP level 5. HP: 31/35 MP: 9/9
  2512 | D:3      | Found a white marble altar of Elyvilon.
  2585 | D:3      | Noticed Natasha
  2594 | D:3      | Killed Natasha
  2594 | D:3      | Reached skill level 6 in Hexes
  2609 | D:3      | Noticed an ogre
  2625 | D:3      | Killed an ogre
  2625 | D:3      | Reached XP level 6. HP: 41/41 MP: 7/10
  2776 | D:3      | Noticed Natasha
  2781 | D:3      | Killed Natasha
  2976 | D:4      | Reached skill level 7 in Hexes
  3498 | D:4      | Learned a level 3 spell: Confuse
  3981 | D:4      | Reached skill level 8 in Hexes
  4057 | D:4      | Reached XP level 7. HP: 44/46 MP: 9/12
  4109 | D:4      | Reached skill level 5 in Stealth
  4303 | D:4      | Identified a +1 rod of ignition (12/12) (You found it on level 4 of the Dungeon)
  4327 | D:4      | Reached skill level 9 in Hexes
  4697 | D:4      | Found a staircase to the Ecumenical Temple.
  4707 | Temple   | Entered the Ecumenical Temple
  4713 | Temple   | Became a worshipper of Ashenzari the Shackled
  4997 | D:5      | Entered Level 5 of the Dungeon
  5005 | D:5      | Reached skill level 5 in Short Blades
  5022 | D:5      | Noticed an unseen horror
  5030 | D:5      | Killed an unseen horror
  5030 | D:5      | Reached skill level 10 in Hexes
  5030 | D:5      | Reached XP level 8. HP: 52/52 MP: 11/13
  5036 | D:5      | Learned a level 4 spell: Enslavement
  5194 | D:5      | Reached skill level 11 in Hexes
  5612 | D:5      | Reached skill level 12 in Hexes
  5612 | D:5      | Reached XP level 9. HP: 54/57 MP: 3/14
  5868 | D:5      | Noticed a gargoyle
  5900 | D:5      | Killed from afar by a gargoyle

Action                   |  1- 3 |  4- 6 |  7- 9 || total
-------------------------+-------+-------+-------++-------
Melee: Dagger            |   144 |   186 |   113 ||   443
 Cast: Ensorcelled Hiber |    18 |    63 |    46 ||   127
       Corona            |       |     1 |       ||     1
       Confuse           |       |       |     4 ||     4
       Enslavement       |       |       |     1 ||     1
  Use: Scroll            |     4 |     2 |     7 ||    13
       Potion            |     4 |     1 |     1 ||     6
 Stab: Sleeping          |    19 |    54 |    41 ||   114
       Distracted        |     1 |       |       ||     1
       Confused          |       |       |     2 ||     2
